 Seeded DCSS version 0.30.1-4-g462c640d31 (webtiles) character file.

Game seed: 6351066067085065685 (custom seed)

7 Esekla the Grave Robber (level 1, 0/10 HPs)
             Began as a Deep Elf Necromancer on Aug 11, 2023.
             Was an Initiate of Vehumet.
             Slain by a hobgoblin (2 damage)
             ... on level 3 of the Dungeon.
             The game lasted 00:02:40 (457 turns).

Esekla the Grave Robber (Deep Elf Necromancer)       Turns: 457, Time: 00:02:41

Health: 0/10       AC:  4    Str:  5    XL:     1   Next: 83%
Magic:  6/6        EV: 12    Int: 19    God:    Vehumet [......]
Gold:   61         SH:  0    Dex: 15    Spells: 5/6 levels left

rFire   . . .        c - +0 short sword
rCold   . . .        (no shield)
rNeg    . . .        a - +0 robe
rPois   .            h - +0 helmet
rElec   .            (no cloak)
rCorr   .            j - +0 pair of gloves
SInv    .            (no boots)
Will    .....        (no amulet)
Stlth   ++           (no ring)
HPRegen 0.21/turn    (no ring)
MPRegen 0.10/turn

%: no passive effects
@: no status effects
A: no striking features
a: Renounce Religion


You were on level 3 of the Dungeon.
You worshipped Vehumet.
Vehumet was noncommittal.
You visited 1 branch of the dungeon, and saw 4 of its levels.

You collected 61 gold pieces.

Inventory:

Hand Weapons
 c - a +0 short sword (weapon)
Armour
 a - a +0 robe (worn)
 h - a +0 helmet (worn)
 j - a +0 pair of gloves (worn)
Scrolls
 e - a scroll of fear {unknown}
Potions
 b - a potion of magic
 d - a potion of ambrosia {unknown}
 f - a potion of haste {unknown}
 g - a potion of mutation {unknown}
 i - a potion of curing {unknown}
 k - a potion of attraction {unknown}


   Skills:
 * Level 2.4 Dodging
 + Level 2.7 Stealth
 * Level 3.0 Spellcasting
 + Level 5.1 Necromancy


You had 5 spell levels left.
You knew the following spells:

 Your Spells              Type           Power      Damage    Failure   Level
a - Necrotise             Necr           88%        1d8       1%          1

Your spell library contained the following spells:

 Spells                   Type           Power      Damage    Failure   Level
 Vampiric Draining        Necr           22%        2d7       5%          3
 Animate Dead             Necr           22%        N/A       19%         4
 Agony                    Necr           22%        N/A       45%         5


Dungeon Overview and Level Annotations

Branches:
Dungeon (4/15)
 Temple: D:4-7

Altars:
Okawaru
Vehumet
Zin


Message History

i - a bubbling blue potion
Found a stone staircase leading down.
There is a stone staircase leading down here.
Found 15 gold pieces.
Found a pair of gloves and a bubbling green potion.
You now have 61 gold pieces (gained 15).
You see here a +0 pair of gloves.
You start putting on your armour.
You continue putting on your +0 pair of gloves. x4
You finish putting on your +0 pair of gloves.
A kobold comes into view. It is wielding a +0 dagger.
The kobold shouts!
You see here a bubbling green potion.
k - a bubbling green potion You hit the kobold.
You kill the kobold!
Vehumet accepts your kill.
Things that are here:
a +0 dagger; a kobold corpse
Found a stone staircase leading up.
There is a stone staircase leading up here.
You climb upwards.
There is a stone staircase leading down here.
A hobgoblin comes into view.
The helpless hobgoblin fails to defend itself.
You puncture the hobgoblin!
You kill the hobgoblin!
Vehumet accepts your kill.
You see here a hobgoblin corpse.
A hobgoblin comes into view.
The hobgoblin shouts!
The hobgoblin hits you.
You barely miss the hobgoblin. The hobgoblin closely misses you.
You hit the hobgoblin but do no damage. The hobgoblin hits you.
You closely miss the hobgoblin.
The hobgoblin hits you but does no damage.
You closely miss the hobgoblin. The hobgoblin hits you.
* * * LOW HITPOINT WARNING * * *
You barely miss the hobgoblin. The hobgoblin hits you.
You die...

#.#.# #.#.####
.# #......# ..#
##......# ....
#†......#
#....##.......##
#....#.........#
........##+###.#
####....##.# #@#
###....##.# #g#
..........># #.#
##########.# #..
#.# ### #.# #.#
#.# #.#


You could see a hobgoblin.

Vanquished Creatures
  2 ball pythons (D:1)
  A bat (D:1)
  A hobgoblin (D:3)
  2 kobolds
6 creatures vanquished.

Notes
Turn   | Place    | Note
-------+----------+-------------------------------------------
     0 | D:1      | Esekla the Deep Elf Necromancer began the quest for the
                  | Orb.
     0 | D:1      | Reached XP level 1. HP: 10/10 MP: 6/6
   135 | D:1      | Reached skill level 5 in Necromancy
   272 | D:4      | Found an iron altar of Okawaru.
   336 | D:4      | Found a glowing silver altar of Zin.
   357 | D:4      | Found a radiant altar of Vehumet.
   361 | D:4      | Became a worshipper of Vehumet
   457 | D:3      | Slain by a hobgoblin

Illustrated notes

Levels and vault maps discovered:
D:1:      sevenhm_arrival_forest_fort_small_3, layout_rooms,
          chequers_serial_rivers_room_b, minmay_misc_feat_five
D:2:      layout_loops_ring, dreamdust_ecumenical_altar_angels_and_demons,
          serial_shops, shop
D:3:      layout_basic, grunt_temple_overflow_open, minmay_misc_feat_iff
D:4:      layout_basic, nicolae_overflow_quartered_altars, serial_shops,
          nicolae_diamond_shop

Skill      XL: |  1 |
---------------+----+-----
Necromancy     | 5 |  5.1
Dodging        | |  2.4
Stealth        | |  2.7
Spellcasting   | |  3.0

Action                     || total
---------------------------++-------
  Melee: Short sword       ||    13
         Unarmed           ||     9
   Stab: Sleeping          ||     1
 Armour: Robe              ||     5
  Dodge: Dodged            ||    14
